 Dungeon Crawl Stone Soup version 0.32-a0-450-g080537f31e (webtiles) character file.

Game seed: 14185957700306809194

144 senseless the Conjurer (level 5, -1/31 HPs)
             Began as an Octopode Conjurer on Feb 23, 2024.
             Slain by a ribbon worm (7 damage)
             ... on level 4 of the Dungeon.
             The game lasted 00:07:01 (2730 turns).

senseless the Conjurer (Octopode Conjurer)          Turns: 2730, Time: 00:07:05

Health: -1/31      AC:  1    Str:  6    XL:     5   Next: 27%
Magic:  0/9        EV: 13    Int: 22    God:
Gold:   5          SH:  0    Dex: 11    Spells: 6/9 levels left

rFire   . . .        d - +0 dagger
rCold   . . .        (no shield)
rNeg    . . .        (helmet restricted)
rPois   .            k - amulet of the acrobat
rElec   .            (no ring)
rCorr   .            (no ring)
SInv    .            (no ring)
Will    .....        (no ring)
Stlth   +++          (no ring)
HPRegen 0.25/turn    (no ring)
MPRegen 0.11/turn    (no ring)
                     (no ring)

%: acrobat
@: no status effects
A: almost no armour, amphibious, 8 rings, camouflage 1, gelatinous body 1,
(nimble swimmer 1), tentacles
a: no special abilities


You were on level 4 of the Dungeon.
You visited 1 branch of the dungeon, and saw 4 of its levels.

You collected 115 gold pieces.
You spent 110 gold pieces at shops.

Inventory:

Hand Weapons
 d - a +0 dagger (weapon)
Jewellery
 k - an amulet of the acrobat (around mantle)
 o - an amulet of faith
Wands
 n - a wand of paralysis (4)
Scrolls
 f - 2 scrolls of teleportation
 g - a scroll of silence {unknown}
 h - a scroll of enchant weapon {unknown}
 i - a scroll of noise {unknown}
 m - a scroll of immolation {unknown}
 r - a scroll of vulnerability
Potions
 a - a potion of magic
 e - 2 potions of mutation
 j - 4 potions of brilliance
 l - 2 potions of curing
 p - a potion of might
 q - a potion of enlightenment {unknown}


   Skills:
 + Level 3.1 Dodging
 + Level 4.4 Stealth
 + Level 2.9 Spellcasting
 + Level 4.6 Conjurations


You had 6 spell levels left.
You knew the following spells:

 Your Spells              Type           Power      Damage    Failure   Level
a - Magic Dart            Conj           92%        1d7       1%          1
b - Searing Ray           Conj           46%        2d6       2%          2

Your spell library contained the following spells:

 Spells                   Type           Power      Damage    Failure   Level
 Summon Small Mammal      Summ           12%        N/A       13%         1
 Call Canine Familiar     Summ           3%         N/A       36%         3
 Fulminant Prism          Conj/Alch      6%         3d6       43%         4
 Iskenderun's Mystic Bla  Conj/Tloc      13%        2d5       43%         4
 Summon Blazeheart Golem  Fire/Summ      3%         N/A       77%         4


Dungeon Overview and Level Annotations

Branches:
Dungeon (4/15)
 Temple: D:4-7

Altars:
Okawaru

Shops:
D:3 *(?


Innate Abilities, Weirdness & Mutations

You cannot wear most types of armour.
You are amphibious.
You can wear up to eight rings at the same time.
Your skin changes colour to match your surroundings (Stealth+).
Your rubbery body absorbs attacks. (AC +1, EV +1)
((You are camouflaged when in or above water. (Stealth+)))
You have tentacles for arms and can constrict up to eight enemies at once.


Message History

Your squeeze misses the adder.
The adder is almost dead.
You feel sick. The adder misses you.
You barely miss the adder. You grab the adder. You squeeze the adder.
You kill the adder!
You feel sick.
You feel sick.
You feel sick.
You feel sick.
You feel sick.
You are no longer poisoned.
You start resting.
A ribbon worm is nearby!
The ribbon worm closely misses you.
You hit the ribbon worm. You grab the ribbon worm.
You squeeze the ribbon worm, but do no damage.
The ribbon worm is moderately wounded.
You constrict the ribbon worm.
You hit the ribbon worm but do no damage.
You squeeze the ribbon worm, but do no damage.
The ribbon worm is moderately wounded.
You constrict the ribbon worm. The ribbon worm misses you.
You hit the ribbon worm but do no damage.
The ribbon worm is moderately wounded.
You constrict the ribbon worm, but do no damage.
The ribbon worm bites you.
You hit the ribbon worm. You squeeze the ribbon worm.
The ribbon worm is heavily wounded.
You constrict the ribbon worm. The ribbon worm bites you.
* * * LOW HITPOINT WARNING * * *
Casting: Searing Ray (safe; 2% risk of failure)
Confirm with . or Enter, or press ? or * to list all spells.
Aiming: Searing Ray (safe; 2% risk of failure)
Press: ? - help, Shift-Dir - straight line, f - ribbon worm
Aim: a ribbon worm (heavily wounded, constricted by you, 100% to hit)
The searing ray hits the ribbon worm.
The ribbon worm is severely wounded. (Press . to maintain the ray.)
You constrict the ribbon worm. The ribbon worm bites you!
You die...

####.#.#.#.###
**+********~*~~* ***#.**#.#.#
*,,*,,,*~~~**~* ,,,,,,,.,#.#
**,,>***~*~**~* ****,*##*#.#
***,* *~*~*~~* *,*####.# *,*
*~*~*~** *,*#....# #####***,*
*~*~*~~~ *,*#.#### #...,,,#.#
*~*~*~** *,*#.#######.####.#.#
*∩*~~~~~
*,*#.........@....#.#*####*##*
*,*#########w######.#*~~~~~~~~
*,******** #.# #.#*~~#~#~#*
*,,,,,,,,* #.# #.#*.w.w~~~~
***********,*
#.######.##.....~., ,,,,,,*
*,* #...w††...........,
*****,* *,*
##########........, *,* *,*
#########* *,*****,*


You could see a ribbon worm.

Vanquished Creatures
  4 gnolls (D:2)
  6 adders
  2 dart slugs
  3 ribbon worms
  6 ball pythons
  7 endoplasms
  2 giant cockroaches (D:3)
  3 goblins
  3 jackals (D:1)
  A quokka (D:2)
  5 bats
  2 frilled lizards (D:1)
  A kobold (D:4)
45 creatures vanquished.

Notes
Turn   | Place    | Note
-------+----------+-------------------------------------------
     0 | D:1      | senseless the Octopode Conjurer began the quest for the
                  | Orb.
     0 | D:1      | Reached XP level 1. HP: 11/11 MP: 3/3
   238 | D:1      | Reached XP level 2. HP: 17/17 MP: 0/5
   921 | D:2      | Learned a level 2 spell: Searing Ray
   975 | D:2      | Found an iron altar of Okawaru.
  1156 | D:2      | Reached XP level 3. HP: 12/21 MP: 1/6
  1764 | D:2      | Reached XP level 4. HP: 21/27 MP: 3/7
  2011 | D:3      | Found a faded altar of an unknown god.
  2080 | D:3      | Found the +3 salamander hide armour {Flames, rFlCloud rF++
                  | rC--}
  2329 | D:3      | Found Numust's Magic Scroll Emporium.
  2333 | D:3      | Bought a scroll of identify for 20 gold pieces
  2333 | D:3      | Bought a scroll of teleportation for 30 gold pieces
  2333 | D:3      | Bought a scroll of identify for 20 gold pieces
  2359 | D:3      | Found Peajak's Weapon Shoppe.
  2465 | D:3      | Bought a scroll of vulnerability for 40 gold pieces
  2483 | D:3      | Found Ruqan's Assorted Antiques.
  2710 | D:4      | Reached XP level 5. HP: 27/31 MP: 4/9
  2730 | D:4      | Slain by a ribbon worm

Illustrated notes

Levels and vault maps discovered:
D:1:      giann_forest_graveyard, layout_basic, serial_bayou_pond_c,
          minivault_26
D:2:      layout_basic, basic_altar
D:3:      layout_basic, serial_shops, shop, nicolae_shop_trees,
          nicolae_shop_tiny_glass, hellmonk_ecumenical_altar_pennies_from_heaven
D:4:      kennysheep_the_goblin_king, layout_basic, lightli_sewer_entry_pipes

Skill      XL: |  1  2  3  4 |
---------------+-------------+-----
Stealth        | 3 4 |  4.4
Dodging        | 3 |  3.1
Spellcasting   | |  2.9
Conjurations   | |  4.6

Action                     |  1- 3 |  4- 6 || total
---------------------------+-------+-------++-------
  Melee: Unarmed           |     2 |       ||     2
         Dagger            |    24 |     7 ||    31
         Tentacles         |     5 |     5 ||    10
         Constrict         |     3 |     2 ||     5
   Cast: Magic Dart        |    60 |    22 ||    82
         Searing Ray       |     1 |     3 ||     4
    Use: Scroll            |       |     6 ||     6
 Armour: Skin              |    12 |     6 ||    18
  Dodge: Dodged            |    22 |    15 ||    37

Table legend: (Time is in decaauts)
 A = Elapsed time spent in this place.
 B = Non-inter-level travel time spent in this place.
 C = Inter-level travel time spent in this place.
 D = Time resting spent in this place.
 E = Time spent auto-exploring this place.
 F = Levels seen in this place.
 G = Mean time per level.
                   A        B        C        D        E       F      G
               +--------+--------+--------+--------+--------+-----+--------+
         Total |   2728 |   2645 |     83 |     26 |   2311 |   4 |  682.0 |
       Dungeon |   2728 |   2645 |     83 |     26 |   2311 |   4 |  682.0 |
               +--------+--------+--------+--------+--------+-----+--------+

Top non-repeatable levels by time:
     D:2: 1091 daAuts
     D:1: 916 daAuts
     D:3: 622 daAuts
     D:4: 97 daAuts
